TOP OF THE 1ST |
Manhatten Meatheads batting - Pitching for Plumstead Eagles : LHP Beau Montgomery
|
Pitching: LHP Beau Montgomery
|
|
Batting: SHB Will Evans
|
0-0: Ball 1-0: Ball 2-0: Called Strike 2-1: Bunted foul 2-2: Strikes out looking
|
Batting: RHB Juan Reyes
|
0-0: Ball 1-0: SINGLE (Groundball, 34D)
|
Batting: LHB Pat Zimmerman
|
0-0: Foul Ball, location: 2F 0-1: Ball 1-1: Foul Ball, location: 2F 1-2: Ground out 5-3 (Groundball, 5S) Juan Reyes to second
|
Batting: RHB Ben Morton
|
0-0: Ball 1-0: Ball 2-0: Called Strike 2-1: Foul Ball, location: 2F 2-2: Foul Ball, location: 2F 2-2: Ball 3-2: Strikes out looking
|
Top of the 1st over - 0 run(s), 1 hit(s), 0 error(s), 1 left on base; Manhatten 0 - Plumstead 0 |
BOTTOM OF THE 1ST |
Plumstead Eagles batting - Pitching for Manhatten Meatheads : LHP Ben Head
|
Pitching: LHP Ben Head
|
|
Batting: RHB Tim Gardner
|
0-0: Foul Ball, location: 2F 0-1: Ball 1-1: Ball 2-1: Ball 3-1: Base on Balls
|
Batting: RHB José Moreno
|
0-0: Fielders Choice at 2nd, 5-4 (Groundball, 56)
|
Batting: LHB Eduardo Rodríguez
|
0-0: Ball 1-0: Foul Ball, location: 2F 1-1: Ball 2-1: Ball 3-1: Foul Ball, location: 2F 3-2: Foul Ball, location: 2F 3-2: Strikes out swinging
|
Batting: RHB Germano Labrego
|
0-0: Ball 1-0: Ground out 2-3 (Groundball, 2L)
|
Bottom of the 1st over - 0 run(s), 0 hit(s), 0 error(s), 1 left on base; Manhatten 0 - Plumstead 0 |
TOP OF THE 2ND |
Manhatten Meatheads batting - Pitching for Plumstead Eagles : LHP Beau Montgomery
|
Batting: LHB Ed Murray
|
0-0: Ball 1-0: Ball 2-0: SINGLE (Groundball, 34D)
|
Batting: RHB Mark McDonald
|
0-0: Ball 1-0: Called Strike 1-1: Foul Ball, location: 2F 1-2: Strikes out swinging
|
Batting: SHB Vitaliano Capuana
|
0-0: Called Strike 0-1: Ball 1-1: Ground out 5-3 (Groundball, 15S) Ed Murray to second
|
Batting: RHB Júlio Galló
|
0-0: Ball 1-0: Called Strike 1-1: Ball 2-1: Foul Ball, location: 2F 2-2: SINGLE (Line Drive, 4D) Ed Murray to third
|
Batting: RHB Ramón Ybarra
|
0-0: Ball 1-0: Ground out 6-3 (Groundball, 6)
|
Top of the 2nd over - 0 run(s), 2 hit(s), 0 error(s), 2 left on base; Manhatten 0 - Plumstead 0 |
BOTTOM OF THE 2ND |
Plumstead Eagles batting - Pitching for Manhatten Meatheads : LHP Ben Head
|
Batting: SHB Nate Rhodes
|
0-0: Ball 1-0: Ball 2-0: Ball 3-0: Called Strike 3-1: Foul Ball, location: 2F 3-2: Base on Balls
|
Batting: RHB Juan Magdayao
|
0-0: Grounds into double play, 6-4-3 (Groundball, 6)
|
Batting: RHB Norogumi Tanaka
|
0-0: Foul Ball, location: 2F 0-1: Ball 1-1: Ball 2-1: Ball 3-1: Base on Balls
|
Batting: RHB David Moran
|
0-0: Ball 1-0: Fly out, F4 (Popup, 89S)
|
Bottom of the 2nd over - 0 run(s), 0 hit(s), 0 error(s), 1 left on base; Manhatten 0 - Plumstead 0 |
TOP OF THE 3RD |
Manhatten Meatheads batting - Pitching for Plumstead Eagles : LHP Beau Montgomery
|
Batting: SHB Will Evans
|
0-0: Ball 1-0: Ball 2-0: SINGLE (Groundball, 6MD)
|
Batting: RHB Juan Reyes
|
0-0: Ball 1-0: Swinging Strike 1-1: Ball 2-1: Foul Ball, location: 2F 2-2: Strikes out swinging
|
Batting: LHB Pat Zimmerman
|
0-0: Ball Will Evans is caught stealing 2nd base 1-0: Ground out 3-1 (Groundball, 34)
|
Top of the 3rd over - 0 run(s), 1 hit(s), 0 error(s), 0 left on base; Manhatten 0 - Plumstead 0 |
BOTTOM OF THE 3RD |
Plumstead Eagles batting - Pitching for Manhatten Meatheads : LHP Ben Head
|
Batting: RHB J.J. Leslie
|
0-0: Reached on error, E6 (Groundball, 6)
|
Batting: RHB Tim Gardner
|
0-0: Called Strike 0-1: Called Strike 0-2: Foul Ball, location: 2F 0-2: Ball 1-2: Foul Ball, location: 2F 1-2: Ball 2-2: Ball 3-2: Base on Balls J.J. Leslie to second
|
Batting: RHB José Moreno
|
0-0: Called Strike 0-1: Ball 1-1: Ball 2-1: Swinging Strike 2-2: Ball 3-2: Foul Ball, location: 2F 3-2: Strikes out swinging
|
Batting: LHB Eduardo Rodríguez
|
0-0: Fly out, F8 (Flyball, 8LM)
|
Batting: RHB Germano Labrego
|
0-0: Called Strike 0-1: Ball 1-1: Foul Ball, location: 2F 1-2: Strikes out swinging
|
Bottom of the 3rd over - 0 run(s), 0 hit(s), 1 error(s), 2 left on base; Manhatten 0 - Plumstead 0 |
TOP OF THE 4TH |
Manhatten Meatheads batting - Pitching for Plumstead Eagles : LHP Beau Montgomery
|
Batting: RHB Ben Morton
|
0-0: Ball 1-0: Foul Ball, location: 2F 1-1: Called Strike 1-2: Strikes out looking
|
Batting: LHB Ed Murray
|
0-0: Fly out, F6 (Popup, 78S)
|
Batting: RHB Mark McDonald
|
0-0: Ball 1-0: Called Strike 1-1: Ball 2-1: Foul Ball, location: 2F 2-2: Strikes out swinging
|
Top of the 4th over - 0 run(s), 0 hit(s), 0 error(s), 0 left on base; Manhatten 0 - Plumstead 0 |
BOTTOM OF THE 4TH |
Plumstead Eagles batting - Pitching for Manhatten Meatheads : LHP Ben Head
|
Now at C: Greg Lee
|
|
Batting: SHB Nate Rhodes
|
0-0: Called Strike 0-1: SINGLE (Groundball, 56) (infield hit)
|
Batting: RHB Juan Magdayao
|
0-0: Swinging Strike 0-1: Ball Nate Rhodes is caught stealing 2nd base 1-1: SINGLE (Line Drive, 7LS)
|
Batting: RHB Norogumi Tanaka
|
0-0: Ball 1-0: Swinging Strike 1-1: Ball 2-1: SINGLE (Flyball, 7S) Juan Magdayao to second
|
Batting: RHB David Moran
|
0-0: Ball 1-0: Foul Ball, location: 2F 1-1: Foul Ball, location: 2F 1-2: SINGLE (Groundball, 6D) Juan Magdayao to third Norogumi Tanaka to second Runner from 3rd tries for Home, throw and OUT!
|
Batting: RHB J.J. Leslie
|
0-0: Ball 1-0: Called Strike 1-1: Ground out 5-3 (Groundball, 56S)
|
Bottom of the 4th over - 0 run(s), 4 hit(s), 0 error(s), 2 left on base; Manhatten 0 - Plumstead 0 |
TOP OF THE 5TH |
Manhatten Meatheads batting - Pitching for Plumstead Eagles : LHP Beau Montgomery
|
Batting: SHB Vitaliano Capuana
|
0-0: Called Strike 0-1: Fly out, F8 (Flyball, 8RM)
|
Batting: RHB Júlio Galló
|
0-0: Ball 1-0: Called Strike 1-1: Ball 2-1: Ground out 6-3 (Groundball, 6M)
|
Batting: RHB Ramón Ybarra
|
0-0: Called Strike 0-1: Called Strike 0-2: Ball 1-2: Strikes out swinging
|
Top of the 5th over - 0 run(s), 0 hit(s), 0 error(s), 0 left on base; Manhatten 0 - Plumstead 0 |
BOTTOM OF THE 5TH |
Plumstead Eagles batting - Pitching for Manhatten Meatheads : LHP Ben Head
|
Batting: RHB Tim Gardner
|
0-0: Ball 1-0: Ball 2-0: Ground out 6-3 (Groundball, 6)
|
Batting: RHB José Moreno
|
0-0: Foul Ball, location: 2F 0-1: Called Strike 0-2: Strikes out swinging
|
Batting: LHB Eduardo Rodríguez
|
0-0: Called Strike 0-1: Called Strike 0-2: Foul Ball, location: 2F 0-2: Ball 1-2: SINGLE (Groundball, 4M)
|
Batting: RHB Germano Labrego
|
0-0: Swinging Strike 0-1: Called Strike 0-2: Ball 1-2: Ball 2-2: Ground out 1-3 (Groundball, 15S)
|
Bottom of the 5th over - 0 run(s), 1 hit(s), 0 error(s), 1 left on base; Manhatten 0 - Plumstead 0 |
TOP OF THE 6TH |
Manhatten Meatheads batting - Pitching for Plumstead Eagles : LHP Beau Montgomery
|
Batting: SHB Will Evans
|
0-0: Ball 1-0: Called Strike 1-1: Ground out 4-3 (Groundball, 4)
|
Batting: RHB Juan Reyes
|
0-0: Ball 1-0: Ball 2-0: Foul Ball, location: 2F 2-1: Ball 3-1: Base on Balls
|
Batting: LHB Pat Zimmerman
|
0-0: Ball 1-0: Ball 2-0: Called Strike 2-1: Fielders Choice at 2nd, 4-6 (Groundball, 4)
|
Batting: RHB Greg Lee
|
0-0: Swinging Strike 0-1: Ball 1-1: Called Strike 1-2: Foul Ball, location: 2F 1-2: SINGLE (Line Drive, 8RS) Pat Zimmerman to second
|
Batting: LHB Ed Murray
|
0-0: Ball 1-0: Ball 2-0: Fly out, F7 (Popup, 5D)
|
Top of the 6th over - 0 run(s), 1 hit(s), 0 error(s), 2 left on base; Manhatten 0 - Plumstead 0 |
BOTTOM OF THE 6TH |
Plumstead Eagles batting - Pitching for Manhatten Meatheads : LHP Ben Head
|
Batting: SHB Nate Rhodes
|
0-0: Called Strike 0-1: Ball 1-1: Ball 2-1: SINGLE (Groundball, 6MD)
|
Pitching: LHP Juan Mendoza
|
|
Batting: RHB Juan Magdayao
|
0-0: Called Strike 0-1: Ball 1-1: Ball 2-1: Ground out 3-1 (Groundball, 34S) Nate Rhodes to second
|
Batting: RHB Norogumi Tanaka
|
0-0: Intentional Walk
|
Batting: RHB David Moran
|
0-0: Ball 1-0: Fly out, F8 (Flyball, 8LD) Runner from 2nd tags up, SAFE at 3rd, no throw
|
Batting: RHB J.J. Leslie
|
0-0: Called Strike 0-1: Foul Ball, location: 2F 0-2: Ball 1-2: Ball 2-2: Ball 3-2: Fly out, F9 (Flyball, 89M)
|
Bottom of the 6th over - 0 run(s), 1 hit(s), 0 error(s), 2 left on base; Manhatten 0 - Plumstead 0 |
TOP OF THE 7TH |
Manhatten Meatheads batting - Pitching for Plumstead Eagles : LHP Beau Montgomery
|
Pitching: RHP Coy Torres
|
|
Batting: RHB Mark McDonald
|
0-0: Called Strike 0-1: Foul Ball, location: 2F 0-2: Strikes out looking
|
Batting: SHB Vitaliano Capuana
|
0-0: Ball 1-0: Foul Ball, location: 2F 1-1: Called Strike 1-2: Foul Ball, location: 2F 1-2: Ball 2-2: Ball 3-2: Base on Balls
|
Batting: RHB Júlio Galló
|
0-0: Called Strike 0-1: Called Strike 0-2: Ball Throwing error on steal attempt, E2 Vitaliano Capuana to third 1-2: Hit by Pitch
|
Pinch Hitting: LHB Magali Foulerton
|
0-0: Ball 1-0: Ball 2-0: Fielders Choice at 2nd, 3-6 (Groundball, 3) Vitaliano Capuana scores
|
Batting: SHB Will Evans
|
0-0: Ball 1-0: Ground out 6-3 (Groundball, 6)
|
Top of the 7th over - 1 run(s), 0 hit(s), 1 error(s), 1 left on base; Manhatten 1 - Plumstead 0 |
BOTTOM OF THE 7TH |
Plumstead Eagles batting - Pitching for Manhatten Meatheads : LHP Juan Mendoza
|
Now at 1B: Magali Foulerton
|
|
Batting: RHB Tim Gardner
|
0-0: Ball 1-0: Ground out 5-3 (Groundball, 56)
|
Batting: RHB José Moreno
|
0-0: Called Strike 0-1: Ball 1-1: Ball 2-1: Ground out 5-3 (Groundball, 5)
|
Batting: LHB Eduardo Rodríguez
|
0-0: Ball 1-0: Fly out, F4 (Line Drive, 4M)
|
Bottom of the 7th over - 0 run(s), 0 hit(s), 0 error(s), 0 left on base; Manhatten 1 - Plumstead 0 |
TOP OF THE 8TH |
Manhatten Meatheads batting - Pitching for Plumstead Eagles : RHP Coy Torres
|
Batting: RHB Juan Reyes
|
0-0: Ball 1-0: Ball 2-0: Ball 3-0: Base on Balls
|
Batting: LHB Pat Zimmerman
|
0-0: Ball 1-0: Ball 2-0: Foul Ball, location: 2F 2-1: Swinging Strike 2-2: Fielders Choice at 2nd, 1-4 (Groundball, 15)
|
Batting: RHB Greg Lee
|
0-0: Ball 1-0: Ball Passed Ball! Pat Zimmerman to second 2-0: Foul Ball, location: 2F 2-1: Foul Ball, location: 2F 2-2: Foul Ball, location: 2F 2-2: Strikes out swinging
|
Batting: LHB Ed Murray
|
0-0: Ball 1-0: Ball Wild Pitch! Pat Zimmerman to third 2-0: Ball 3-0: Called Strike 3-1: Base on Balls
|
Batting: RHB Mark McDonald
|
0-0: Ball 1-0: Ball 2-0: Called Strike 2-1: Ball 3-1: Base on Balls Ed Murray to second
|
Batting: SHB Vitaliano Capuana
|
0-0: Called Strike 0-1: Swinging Strike 0-2: Strikes out swinging
|
Top of the 8th over - 0 run(s), 0 hit(s), 0 error(s), 3 left on base; Manhatten 1 - Plumstead 0 |
BOTTOM OF THE 8TH |
Plumstead Eagles batting - Pitching for Manhatten Meatheads : LHP Juan Mendoza
|
Pitching: RHP Matt Johnston
|
|
Batting: RHB Germano Labrego
|
0-0: Ball 1-0: SINGLE (Line Drive, 7LS)
|
Pitching: LHP Pedro Cruz
|
|
Pinch Runner at 1st Howard Johnson:
|
|
Batting: SHB Nate Rhodes
|
0-0: Ball 1-0: Grounds into double play, 5-4-3 (Groundball, 56)
|
Pitching: RHP Víctor Vińa
|
|
Batting: RHB Juan Magdayao
|
0-0: Ball 1-0: Called Strike 1-1: Foul Ball, location: 2F 1-2: Ball 2-2: Ball 3-2: Strikes out looking
|
Bottom of the 8th over - 0 run(s), 1 hit(s), 0 error(s), 0 left on base; Manhatten 1 - Plumstead 0 |
TOP OF THE 9TH |
Manhatten Meatheads batting - Pitching for Plumstead Eagles : RHP Coy Torres
|
Now in RF: Howard Johnson
|
|
Batting: RHB Júlio Galló
|
0-0: Ball 1-0: Hit by Pitch
|
Batting: LHB Magali Foulerton
|
0-0: Called Strike 0-1: Sac Bunt - play at first, batter OUT! 1-3 Júlio Galló to second
|
Batting: SHB Will Evans
|
0-0: Called Strike 0-1: Ball 1-1: Ball 2-1: Called Strike Júlio Galló steals 3rd base 2-2: DOUBLE (Line Drive, 7LM) Júlio Galló scores
|
Batting: RHB Juan Reyes
|
0-0: Foul Ball, location: 2F 0-1: Foul Ball, location: 2F 0-2: Strikes out looking
|
Batting: LHB Pat Zimmerman
|
0-0: Called Strike 0-1: Ball 1-1: Foul Ball, location: 2F 1-2: SINGLE (Groundball, 6MD) Will Evans to third Runner from 3rd tries for Home, SAFE, no throw or cutoff
|
Pitching: RHP Aubrey Cote
|
|
Batting: RHB Greg Lee
|
0-0: Ball 1-0: Called Strike 1-1: Ball 2-1: Ground out 6-3 (Groundball, 6)
|
Top of the 9th over - 2 run(s), 2 hit(s), 0 error(s), 1 left on base; Manhatten 3 - Plumstead 0 |
BOTTOM OF THE 9TH |
Plumstead Eagles batting - Pitching for Manhatten Meatheads : RHP Víctor Vińa
|
Pitching: RHP Mario Tovar
|
|
Batting: RHB Norogumi Tanaka
|
0-0: Ball 1-0: Ground out 5-3 (Groundball, 56)
|
Batting: RHB David Moran
|
0-0: Ball 1-0: Ground out 5-3 (Groundball, 5)
|
Batting: RHB J.J. Leslie
|
0-0: Called Strike 0-1: Fly out, F2 (Popup, 2RF)
|
Bottom of the 9th over - 0 run(s), 0 hit(s), 0 error(s), 0 left on base; Manhatten 3 - Plumstead 0 |
|